 Dungeon Crawl Stone Soup version 0.14-b1-56-gbadd701 (webtiles) character file.

479850 Broswagonist the Devastator (level 23, -16/147 HPs)
             Began as a Red Draconian Conjurer on Apr 8, 2014.
             Was the Champion of Vehumet.
             Killed from afar by a storm dragon (29 damage)
             ... with a bolt of lightning
             ... on Level 5 of the Vaults on Apr 10, 2014.
             The game lasted 14:55:37 (67030 turns).

Broswagonist the Devastator (DrCj)                 Turns: 67030, Time: 14:55:37

HP -16/147       AC 21     Str 15      XL: 23   Next: 56%
MP   2/44        EV 12     Int 28      God: Vehumet [******]
Gold 7295        SH 12     Dex 11      Spells: 12 memorised,  2 levels left

rFire  + + .     SeeInvis .     a - +7,+6 trident of the Eleven Wars {venom, Str+3}
rCold  + + .     Clarity  .     (armour unavailable)
rNeg   . . .     Conserve .     M - +3 buckler {AC+3}
rPois  +         rCorr    +     U - +2 hat "Nipsyfin" {rC++ MR+}
rElec  .         rRot     .     f - +0 cloak
SustAb . .       Spirit   .     H - +2 pair of gloves
rMut   .         Warding  .     O - +0 pair of boots
Saprov . . .     Stasis   .     l - amulet of the Doge {rCorr rPois rF+}
MR     ++...                    F - ring of regeneration
                                o - ring of regeneration

@: brilliant, very slightly contaminated, heavily drained, very resistant to
hostile enchantments, unstealthy
A: breathe fire, unfitting armour, clumsy 1, fire resistance 1, AC +11
a: Breathe Fire, Renounce Religion
}: 2/15 runes: barnacled, gossamer


You were on level 5 of the Vaults.
You worshipped Vehumet.
Vehumet was exalted by your worship.
You were not hungry.

You visited 11 branches of the dungeon, and saw 57 of its levels.
You also visited: Ossuary.

You collected 8731 gold pieces.
You spent 1436 gold pieces at shops.

Inventory:

Hand weapons
 a - the +7,+6 trident of the Eleven Wars (weapon) {venom, Str+3}
   (You found it on level 8 of the Lair of Beasts)

   It poisons the flesh of those it strikes.
   It affects your strength (+3).
Armour
 f - a +0 cloak (worn)
 H - a +2 pair of gloves (worn)
 M - a +3 buckler of protection (worn)
 O - a +0 pair of boots (worn)
 U - the +2 hat "Nipsyfin" (worn) {rC++ MR+}
   (You acquired it on level 7 of the Lair of Beasts)

   It greatly protects you from cold.
   It affects your resistance to hostile enchantments.
Magical devices
 h - a wand of teleportation (3)
 v - a wand of digging (18)
 z - a wand of disintegration (8)
 C - a wand of invisibility (4)
Comestibles
 g - 2 bread rations
 u - 3 pieces of ambrosia
Scrolls
 n - a scroll of fog
Jewellery
 c - an uncursed ring of fire
 i - an uncursed amulet of stasis
 l - the amulet of the Doge (around neck) {rCorr rPois rF+}
   (You found it on level 2 of the Lair of Beasts)

   [amulet of resist corrosion]

   It protects you from fire.
   It protects you from poison.
 o - a ring of regeneration (left hand)
 w - an uncursed ring of see invisible
 A - an uncursed ring of flight
 B - an uncursed ring of wizardry
 F - a ring of regeneration (right hand)
 I - an uncursed ring of teleport control
Potions
 d - a potion of restore abilities
 p - 3 potions of brilliance
 s - 2 potions of curing
Magical staves
 b - an uncursed staff of conjuration
Miscellaneous
 y - a crystal ball of energy


   Skills:
 - Level 14.0(11.9) Polearms
 - Level 3.3(1.7) Dodging
 - Level 3.4(1.8) Stealth
 - Level 6.0(4.3) Shields
 + Level 19.6(17.2) Spellcasting
 + Level 22.9(20.4) Conjurations
   Level 0.3(0.0) Hexes
 - Level 14.0(11.9) Charms
 * Level 20.8(18.4) Fire Magic


You had 2 spell levels left.
You knew the following spells:

 Your Spells              Type           Power        Failure   Level  Hunger
a - Fire Storm            Conj/Fire      #######...   8%          9    #######
b - Blink                 Tloc           N/A          1%          2    None
c - Sticky Flame          Conj/Fire      #######.     0%          4    None
d - Bolt of Fire          Conj/Fire      #######...   1%          6    ###....
e - Summon Butterflies    Summ           #####...     1%          1    None
f - Fireball              Conj/Fire      #######...   1%          5    None
r - Deflect Missiles      Chrm/Air       ######....   3%          6    ###....
x - Iskenderun's Battles  Conj/Chrm      #######.     1%          5    None
z - Orb of Destruction    Conj           ########..   1%          7    #####..
A - Haste                 Chrm           #######.     1%          6    ###....
X - Spellforged Servitor  Conj/Summ      #######...   3%          7    #####..
Z - Apportation           Tloc           #####.....   1%          1    None


Dungeon Overview and Level Annotations

Branches:
Dungeon (15/15)            Temple (1/1) D:7             Orc (4/4) D:10
    Elf (3/3) Orc:3          Lair (8/8) D:10         Shoals (5/5) Lair:3
 Spider (5/5) Lair:6        Slime (0/6) Lair:6       Vaults (5/5) D:14
  Blade (1/1) Vaults:3      Crypt (5/5) Vaults:3       Tomb (0/3) Crypt:3
    Zot (0/5) Depths:5     Depths (5/5) D:15

Altars:
Ashenzari
Cheibriados
Dithmenos
Elyvilon
Fedhas
Kikubaaqudgha
Makhleb
Okawaru
Sif Muna
Trog
Vehumet
Xom
Yredelemnul
Zin
The Shining One

Shops:
D:6 :   D:9 *   D:10 %   D:13 (*}   D:14 }   Orc:4 ?!*[   Shoals:5 !%(!
Vaults:3 =   Vaults:4 }

Portals:
Hell: Depths:1 Depths:2 Depths:3 Depths:4 Depths:5
Abyss: Depths:4
Pandemonium: Depths:3
Ziggurat: Depths:3

Annotations:
Vaults:5 ketsa's ghost, awesomely powerful HOBe
Crypt:4 depths first


Innate Abilities, Weirdness & Mutations

You can breathe blasts of fire.
Your fiery red scales are hard (AC +11).
Your body does not fit into most forms of armour.
Your cold-blooded metabolism reacts poorly to cold.
Your flesh is heat resistant.
You are clumsy. (Dex -2)


Message History

The storm dragon bites your spellforged servitor!
The storm dragon claws your spellforged servitor but does no damage.
The storm dragon tramples your spellforged servitor!
Your spellforged servitor stumbles backwards!
The storm dragon bites something!
The stone giant throws a large rock.
You deflect the large rock!
You feel less protected from missiles.
Read which item? (? for menu, Esc to quit)
Okay, then.
Casting: Orb of Destruction
Confirm with . or Enter, or press ? or * to list all spells.
You blink.
A deep elf death mage comes into view. It is wielding a cutlass.
You have got your breath back.
The deep elf death mage casts a spell at you.
The bolt of negative energy hits you!
You feel drained.
* * * LOW HITPOINT WARNING * * *
The storm dragon breathes lightning at you.
The bolt of lightning hits you!
You die...

#####
#######
....@.
..#.#ยง#
...#
#.#.#D#
..##
#.#.()#
.##
#.#)#.#
##
#.@.#.# #
#.#...#
#.#.#.#
#.#.#?..
#e#.#C#.#
#...#.#..
#.#.#.
#.#.# . .


You could see a storm dragon and a deep elf death mage.

Vanquished Creatures
  Sojobo (Depths:2)
  Margery (Vaults:2)
  A golden dragon (Depths:5)
  A profane servitor (Crypt:5)
  Xtahua (Vaults:2)
  A bone dragon (Crypt:5)
  the Enchantress (Depths:1)
  A tentacled monstrosity (Depths:5)
  A player illusion (Crypt:4)
  2 titans
  2 deep elf master archers (Elf:3)
  A deep elf blademaster (Elf:3)
  2 liches (Crypt:4)
  3 krakens
  2 sphinxes
  A tengu reaver (Vaults:5)
  Rupert (D:15)
  2 ancient champions (Crypt:5)
  2 shadow dragons
  Ilsuiw (Shoals:5)
  2 revenants
  2 fire giants
  A ghoul (Crypt:5)
  Wiglaf (Crypt:1)
  5 frost giants
  An orc warlord (Orc:4)
  A draconian knight (Depths:5)
  7 emperor scorpions
  5 ghost moths
  9 deep elf sorcerers
  Gastronok (Lair:2)
  6 vault wardens
  2 spriggan defenders
  6 stone giants
  2 war gargoyles (Vaults:4)
  2 deep elf demonologists
  4 rakshasas (Depths:3)
  The ghost of Broswagonist the Destroyer, a powerful DECj of Vehumet (Orc:4)
  A green draconian (Depths:5)
  A spectral titan (Crypt:3)
  A grey draconian (Depths:5)
  A mottled draconian (Depths:5)
  A dire elephant (Depths:3)
  3 curse skulls
  5 deep elf annihilators
  4 vampire knights
  3 unborn
  4 eidola
  3 merfolk javelineers
  Snorg (Lair:7)
  4 deep elf death magi
  7 crystal guardians (Elf:3)
  22 vault guards
  12 ettins
  5 ironheart preservers
  4 merfolk impalers
  3 deep elf high priests
  4 sirens
  A great orb of eyes (Vaults:4)
  7 fire dragons
  13 jiangshi
  4 yaktaur captains
  4 hydras
  A death cob (Crypt:5)
  Harold (D:14)
  A ravenous feature mimic (Crypt:1)
  A ravenous item mimic (Crypt:4)
  3 spriggan air magi
  9 ice dragons
  The ghost of teukkam the Grappler, an experienced TrMo (Lair:6)
  15 dancing weapons (Blade)
  7 ogre magi
  4 tengu warriors
  3 merfolk aquamancers
  2 alligator snapping turtles
  3 death yaks (Depths:4)
  6 deep troll shamans
  4 plague shamblers
  2 deep dwarf death knights
  3 deep troll earth magi
  2 vampire magi
  2 satyrs
  5 orc high priests (Orc:4)
  A sun demon (Depths:3)
  5 spriggan berserkers
  4 very ugly things
  3 spectral elves
  8 hell knights
  A soul eater (Elf:3)
  Nergalle (Lair:3)
  14 deep elf knights
  A spriggan (Depths:4)
  5 centaur warriors
  A fire crab (Vaults:1)
  6 sea snakes
  A fire crab (shapeshifter) (Vaults:1)
  4 unseen horrors
  A hell beast (Depths:3)
  33 skeletal warriors
  9 shadow wraiths
  18 orb spiders
  A spectral anaconda (Crypt:2)
  2 wizards
  An orb spider (shapeshifter) (Vaults:2)
  An iron troll (Vaults:4)
  10 hill giants
  8 large abominations (Depths:4)
  3 flayed ghosts
  Erolcha (D:12)
  9 deep elf summoners
  24 deep trolls
  13 orc knights
  Pikel (D:5)
  5 water nymphs
  5 necromancers
  A lindwurm (Lair:8)
  9 ironbrand convokers
  3 harpies (Shoals:4)
  Joseph (Orc:4)
  A flaming corpse (Crypt:3)
  23 wolf spiders
  15 deep elf conjurers
  5 red wasps
  A mana viper (shapeshifter) (Depths:3)
  A stone giant zombie (Crypt:5)
  An oklob plant (Lair:8)
  9 griffons
  3 orc sorcerers
  8 phantasmal warriors
  12 manticores
  A sixfirhy (Elf:3)
  3 black mambas (Lair:8)
  8 fauns
  3 moths of wrath
  A draconian (shapeshifter) (Depths:5)
  A human skeleton (Vaults:1)
  A stone giant skeleton (Vaults:1)
  Maurice (D:8)
  6 cyclopes
  A dire elephant zombie (Crypt:3)
  7 mermaids
  A fire giant skeleton (Crypt:1)
  4 drowned souls (Shoals:1)
  A smoke demon (Shoals:3)
  11 vault sentinels
  A feature mimic (Shoals:5)
  An item mimic (Orc:4)
  Psyche (Orc:4)
  10 spiny frogs
  2 naga magi (D:15)
  16 yaktaurs
  An anaconda simulacrum (Crypt:1)
  An efreet (D:14)
  4 demonic crawlers
  4 giant fireflies
  An iron devil (Depths:3)
  9 komodo dragons
  6 boggarts
  2 silent spectres
  A pale draconian skeleton (Crypt:4)
  3 wind drakes
  2 blue devils
  A centaur skeleton (D:14)
  A spectral harpy (Crypt:5)
  14 deep elf priests
  6 polar bears (Lair:8)
  18 jumping spiders
  19 merfolk
  2 giant leeches (Lair:8)
  11 freezing wraiths
  32 blink frogs
  3 trolls
  Prince Ribbit (D:5)
  5 ravens
  A baby alligator (shapeshifter) (Depths:2)
  A harpy skeleton (D:14)
  21 slime creatures
  13 two-headed ogres
  5 boulder beetles
  2 snapping turtles
  A spectral swamp dragon (Crypt:5)
  15 trapdoor spiders
  3 basilisks
  A dragon zombie (Crypt:1)
  A fire giant simulacrum (Crypt:1)
  9 grizzly bears (Lair:8)
  11 shadows
  21 tarantellas
  17 yaks
  An ettin skeleton (Vaults:1)
  27 redbacks
  7 vampires
  47 flying skulls
  4 hungry ghosts
  29 ugly things
  2 air elementals (Depths:2)
  6 elephant slugs
  31 deep elf magi
  3 wyverns
  13 water elementals
  15 hippogriffs
  3 chaos spawn (Depths:4)
  9 wraiths
  12 vampire mosquitoes
  15 wolves
  8 sharks
  An emperor scorpion simulacrum (Crypt:1)
  8 wargs
  31 deep elf fighters
  13 swamp worms (Spider:3)
  A water nymph zombie (Crypt:2)
  A deep dwarf zombie (Crypt:5)
  A spectral spiny frog (Crypt:5)
  Edmund (D:5)
  A gelid demonspawn zombie (Crypt:4)
  An ogre zombie (D:15)
  A soldier ant (shapeshifter) (Vaults:4)
  A tengu zombie (D:10)
  4 hell hounds (Lair:8)
  13 water moccasins
  A water nymph skeleton (Crypt:3)
  6 small abominations
  A mottled dragon (D:15)
  A deep troll skeleton (Crypt:3)
  16 spiders
  10 porcupines
  2 ice beasts
  A swamp drake (D:10)
  2 orc zombies
  7 black bears
  3 necrophages
  43 orc warriors
  A swamp dragon zombie (Crypt:3)
  3 phantoms
  2 sky beasts (D:8)
  A spiny frog skeleton (Crypt:4)
  34 ogres
  10 centaurs
  A mermaid skeleton (Crypt:4)
  5 yellow wasps
  An elf skeleton (D:13)
  3 human simulacra
  4 giant goldfish
  6 crocodiles
  A manticore skeleton (D:14)
  7 lost souls
  Sigmund (D:2)
  A draconian zombie (Crypt:3)
  2 boring beetles
  15 giant slugs
  3 big kobolds (D:14)
  A yaktaur zombie (Vaults:1)
  2 dryad zombies
  3 elf zombies
  3 brain worms (Lair:8)
  A yaktaur skeleton (D:15)
  A cyclops zombie (D:14)
  A dryad skeleton (Crypt:4)
  23 giant frogs
  2 gnoll sergeants
  A warg zombie (Crypt:2)
  2 fulminant prisms
  A warg skeleton (Crypt:4)
  2 jellies (D:15)
  25 wights
  8 killer bees
  5 scorpions
  2 eyes of draining
  A queen bee zombie (Crypt:2)
  A tengu skeleton (D:14)
  5 electric eels (D:12)
  A yellow wasp zombie (Crypt:3)
  A crimson imp (D:10)
  A yaktaur simulacrum (D:15)
  5 big fish
  A goliath beetle (D:8)
  2 quasits
  A two-headed ogre zombie (D:7)
  A giant frog zombie (D:12)
  2 basilisk zombies (D:15)
  3 centaur zombies
  5 human zombies
  33 orc priests
  A two-headed ogre skeleton (D:8)
  16 orc wizards
  A basilisk skeleton (D:14)
  7 iguanas
  22 hounds
  A boulder beetle simulacrum (Vaults:1)
  4 orange rats
  11 worker ants
  2 big kobold zombies (Ossuary)
  20 sheep
  A hound zombie (Ossuary)
  A spectral hound (Crypt:5)
  A dwarf skeleton (Crypt:2)
  3 mummies (Ossuary)
  A worker ant zombie (D:6)
  13 gnolls
  36 green rats
  24 adders
  4 shadow imps
  A giant mite (Lair:5)
  27 worms
  A white imp (Vaults:2)
  An ufetubus (Elf:3)
  2 adder zombies (Ossuary)
  An adder skeleton (Crypt:2)
  An iguana skeleton (D:8)
  5 giant eyeballs
  2 giant geckos
  An ooze (D:4)
  165 orcs
  22 hobgoblins
  19 kobolds
  38 bats
  6 giant cockroaches
  A giant gecko skeleton (Crypt:1)
  A giant mite zombie (Crypt:3)
  4 giant newts
  5 giant spores
  A gnoll zombie (Crypt:4)
  14 goblins
  5 goblin zombies (Ossuary)
  A hobgoblin zombie (Crypt:2)
  42 jackals
  5 jackal zombies (Ossuary)
  A kobold skeleton (D:8)
  5 kobold zombies (Ossuary)
  An orc skeleton (D:9)
  15 quokkas
  A quokka skeleton (D:6)
  3 quokka zombies (Ossuary)
  30 rats
  4 rat zombies (Ossuary)
  A spectral orc (Lair:3)
  10 ballistomycetes
  4 crawling corpses
  5 fungi
  A macabre mass (Vaults:5)
  8 plants
  6 tentacles
2207 creatures vanquished.

Vanquished Creatures (collateral kills)
  Mara (Crypt:4)
  A golden dragon (Depths:5)
  2 liches
  A titan (Depths:3)
  2 sphinxes (Crypt:3)
  A storm dragon (Vaults:5)
  6 ancient champions
  2 tengu reavers (Depths:2)
  2 revenants
  A fire giant (Depths:3)
  3 deep elf sorcerers (Elf:3)
  2 iron dragons
  A ghoul (Crypt:4)
  A large abomination (Vaults:2)
  Aizul (Depths:1)
  A frost giant (Depths:3)
  4 emperor scorpions
  3 vault wardens
  2 spriggan defenders (Depths:1)
  A draconian annihilator (Depths:5)
  6 deep elf demonologists
  7 stone giants
  A draconian shifter (Depths:5)
  A grey draconian (Depths:5)
  3 vampire knights
  A curse skull (Crypt:3)
  7 deep elf annihilators
  The ghost of Heini the Bludgeoner, a powerful MiFi of Okawaru (Orc:4)
  2 merfolk javelineers
  3 ettins
  A minotaur (Depths:4)
  A quicksilver dragon zombie (Crypt:3)
  4 deep elf death magi
  3 crystal guardians (Elf:3)
  2 eidola
  5 deep elf high priests (Elf:3)
  7 merfolk impalers
  12 jiangshi
  4 fire dragons
  A siren (Shoals:1)
  A spectral quicksilver dragon (Crypt:2)
  A mummy priest (Crypt:3)
  4 yaktaur captains
  9 ironheart preservers
  5 spellforged servitors
  2 vault guards
  A great orb of eyes (Vaults:3)
  2 rakshasas
  A spriggan air mage (Depths:4)
  A quicksilver dragon skeleton (Crypt:3)
  A hydra (Lair:6)
  2 ice dragons (Depths:2)
  3 merfolk aquamancers (Shoals:5)
  An alligator snapping turtle (Shoals:5)
  3 ogre magi
  3 deep troll earth magi
  5 deep dwarf death knights
  A satyr (Shoals:3)
  2 vampire magi
  2 death yaks (Depths:4)
  A titan zombie (Crypt:1)
  3 centaur warriors
  4 deep troll shamans
  3 spectral elves (Elf:3)
  5 dancing weapons
  2 soul eaters (Crypt:4)
  6 hell knights
  3 storm dragon zombies
  10 very ugly things
  3 fire crabs
  A catoblepas (Depths:4)
  28 skeletal warriors
  2 quicksilver dragon simulacra (Crypt:1)
  3 deep elf knights
  A storm dragon skeleton (Crypt:1)
  A shadow wraith (Crypt:3)
  2 flayed ghosts (Crypt:3)
  2 sea snakes
  5 ironbrand convokers
  A golden dragon skeleton (Crypt:1)
  A water nymph (shapeshifter) (Vaults:1)
  3 deep elf conjurers
  A flaming corpse (Crypt:3)
  4 orb spiders
  An anaconda skeleton (Crypt:5)
  13 deep trolls
  4 phantasmal warriors (Crypt:3)
  2 shadow dragon skeletons (Crypt:3)
  2 orc knights (Vaults:2)
  9 griffons
  A spectral ettin (Crypt:2)
  5 wolf spiders
  3 cyclopes
  2 orc sorcerers
  A moth of wrath (Spider:5)
  4 red wasps
  7 fauns
  A fire giant skeleton (Crypt:4)
  3 manticores
  3 mermaids
  5 vault sentinels
  2 drowned souls (Shoals:1)
  2 frost giant skeletons
  A spiny frog (Lair:6)
  An anaconda simulacrum (Crypt:1)
  14 yaktaurs
  5 demonic crawlers
  A spectral infernal demonspawn (Crypt:5)
  14 freezing wraiths
  2 deep elf priests
  5 jumping spiders
  A red devil (Elf:3)
  2 tengu conjurers (Depths:3)
  6 guardian mummies (Crypt:3)
  5 two-headed ogres
  A golden dragon simulacrum (Crypt:1)
  A polar bear (shapeshifter) (Depths:3)
  16 merfolk
  Sonja (Spider:1)
  3 giant fireflies
  A harpy skeleton (Crypt:3)
  A wind drake (Shoals:2)
  A boulder beetle (Vaults:3)
  2 deep elf magi (Vaults:2)
  7 slime creatures
  2 fire dragon zombies
  6 snapping turtles
  A wolf spider simulacrum (Crypt:1)
  A minotaur skeleton (Crypt:2)
  2 fire giant simulacra
  A griffon zombie (Crypt:3)
  4 shadows
  4 sharks
  2 stone giant simulacra (Crypt:1)
  3 ice dragon skeletons
  18 redbacks
  A yak (shapeshifter) (Vaults:2)
  7 flying skulls
  5 tarantellas
  7 water elementals
  3 air elementals (Depths:4)
  A purple draconian simulacrum (Crypt:5)
  A queen ant zombie (Crypt:2)
  5 spriggans
  A dire elephant simulacrum (Crypt:1)
  3 vampire mosquitoes
  7 wraiths
  An emperor scorpion simulacrum (Crypt:1)
  4 trapdoor spiders (Spider:5)
  4 vampires
  A ynoxinul (Elf:3)
  9 ugly things
  3 deep elf fighters (Vaults:2)
  6 hungry ghosts
  A human (shapeshifter) (Depths:2)
  A human zombie (Crypt:1)
  4 necrophages
  2 spatial vortices
  A black mamba simulacrum (Crypt:1)
  2 ice dragon simulacra
  2 small abominations (Crypt:5)
  A water moccasin (Lair:6)
  7 centaurs
  A fire dragon simulacrum (Crypt:1)
  9 ogres
  3 yellow wasps (Spider:5)
  5 spiders
  5 ettin simulacra
  2 orc warriors
  A mermaid skeleton (Crypt:2)
  A giant slug (Lair:6)
  2 crocodiles (Lair:6)
  A spider zombie (Crypt:4)
  2 lost souls
  2 giant frogs (Lair:6)
  A fulminant prism (Depths:1)
  A komodo dragon skeleton (Crypt:2)
  A scorpion (Spider:2)
  A snapping turtle simulacrum (Crypt:1)
  8 wights
  A centaur zombie (Crypt:3)
  A big fish (Lair:6)
  3 orc priests (Orc:4)
  A porcupine skeleton (Crypt:3)
  3 sheep (Shoals:3)
  2 mummies (Crypt:3)
  A tengu skeleton (Crypt:3)
  A worker ant zombie (Crypt:1)
  An adder (Lair:6)
  16 green rats (Lair:6)
  A tengu simulacrum (Crypt:1)
  An ufetubus (Elf:3)
  An electric eel skeleton (Crypt:1)
  7 orcs
  A giant cockroach (Spider:5)
  A quokka (Lair:6)
  2 bats (Lair:6)
  A giant gecko zombie (Crypt:1)
  4 crawling corpses (Vaults:2)
  A fungus (Lair:6)
  5 plants
  2 tentacles (Shoals:4)
653 creatures vanquished.

Vanquished Creatures (others)
  An eldritch tentacle (Depths:1)
  An eidolon (Crypt:4)
  An ogre mage (Vaults:1)
  74 spellforged servitors
  2 drowned souls (Shoals:1)
  A demonic crawler (Spider:4)
  A deep elf priest (Vaults:5)
  A wind drake (Shoals:2)
  A hydra skeleton (D:14)
  47 fire vortices
  2 fire elementals
  An ugly thing (Vaults:2)
  A warg (Vaults:2)
  14 spiders (Lair:6)
  An orc warrior (Vaults:5)
  6 lost souls
  2 giant frog skeletons (D:5)
  2 orc wizards (D:9)
  A worker ant (D:9)
  175 fulminant prisms
  4 giant mites (Lair:6)
  9 chimeras (Lair:6)
  A giant cockroach (D:4)
  A quokka (D:5)
  A giant gecko (D:9)
  66 eldritch tentacle segments (Depths:1)
  2 fungi
  13 plants
  26 tentacles
  351 tentacle segments
809 creatures vanquished.

Grand Total: 3669 creatures vanquished

Notes
Turn   | Place    | Note
--------------------------------------------------------------
     0 | D:1      | Broswagonist, the Draconian Conjurer, began the quest for the Orb.
     0 | D:1      | Reached XP level 1. HP: 14/14 MP: 3/3
   236 | D:1      | Reached XP level 2. HP: 20/20 MP: 2/4
   262 | D:1      | Learned a level 2 spell: Searing Ray
  1231 | D:1      | Reached skill level 5 in Conjurations
  1231 | D:1      | Reached XP level 3. HP: 26/26 MP: 6/6
  1236 | D:1      | Learned a level 3 spell: Dazzling Spray
  1533 | D:2      | Noticed Sigmund
  1705 | D:2      | Killed Sigmund
  1705 | D:2      | Reached skill level 6 in Conjurations
  1705 | D:2      | Reached XP level 4. HP: 21/33 MP: 0/7
  2141 | D:2      | Reached XP level 5. HP: 34/38 MP: 2/9
  2616 | D:3      | Reached skill level 7 in Conjurations
  2897 | D:3      | Found a glowing golden altar of the Shining One.
  2949 | D:4      | Found a sand-covered staircase.
  3031 | Ossuary  | Entered an ossuary
  3051 | Ossuary  | Reached XP level 6. HP: 45/45 MP: 0/11
  3172 | Ossuary  | Learned a level 4 spell: Iskenderun's Mystic Blast
  3524 | Ossuary  | Your scales start taking on a fiery red colour.
  3524 | Ossuary  | Gained mutation: Your flesh is heat resistant. [draconian maturity]
  3524 | Ossuary  | Reached XP level 7. HP: 45/50 MP: 3/15
  3531 | Ossuary  | Reached skill level 8 in Conjurations
  3798 | D:4      | Found a white marble altar of Elyvilon.
  4459 | D:5      | Entered Level 5 of the Dungeon
  4544 | D:5      | Reached skill level 9 in Conjurations
  4907 | D:5      | Noticed Edmund
  4915 | D:5      | Killed Edmund
  4915 | D:5      | Reached XP level 8. HP: 57/57 MP: 7/16
  5006 | D:5      | Noticed Pikel
  5021 | D:5      | Reached skill level 10 in Conjurations
  5048 | D:5      | Killed Pikel
  5048 | D:5      | Reached skill level 11 in Conjurations
  5071 | D:5      | Noticed Prince Ribbit
  5076 | D:5      | Killed Prince Ribbit
  5530 | D:6      | Reached XP level 9. HP: 62/62 MP: 13/18
  5537 | D:6      | Learned a level 4 spell: Fulminant Prism
  5674 | D:6      | Reached skill level 12 in Conjurations
  5786 | D:6      | Found Leasa Riad's Book Boutique.
  5789 | D:6      | Bought a book of Minor Magic for 240 gold pieces
  6159 | D:7      | Reached skill level 13 in Conjurations
  6488 | D:7      | Found a staircase to the Ecumenical Temple.
  6498 | Temple   | Entered the Ecumenical Temple
  7127 | D:8      | Reached skill level 14 in Conjurations
  7127 | D:8      | Reached XP level 10. HP: 62/69 MP: 11/19
  7731 | D:8      | Noticed Maurice
  7737 | D:8      | Killed Maurice
  8097 | D:9      | Found Uqonurr's Assorted Antiques.
  8597 | D:9      | Found a radiant altar of Vehumet.
  8606 | D:9      | Became a worshipper of Vehumet
  8633 | D:9      | Reached skill level 15 in Conjurations
  8764 | D:10     | Entered Level 10 of the Dungeon
  8894 | D:10     | Identified a scroll of acquirement
  8919 | D:10     | Acquired Vehumet's first power
  8919 | D:10     | Offered knowledge of Sting by Vehumet.
  9069 | D:10     | Found a staircase to the Orcish Mines.
  9256 | D:10     | Found Xeridaal's Food Shoppe.
  9443 | D:10     | Offered knowledge of Shock by Vehumet.
  9584 | D:10     | Found a staircase to the Lair.
  9877 | D:11     | Noticed a hill giant
  9931 | Lair:1   | Entered Level 1 of the Lair of Beasts
  9941 | Lair:1   | Reached skill level 16 in Conjurations
 10039 | Lair:1   | Reached XP level 11. HP: 61/74 MP: 7/20
 10120 | Lair:1   | Offered knowledge of Stone Arrow by Vehumet.
 10125 | Lair:1   | Noticed a five-headed hydra
 10140 | Lair:1   | Killed a five-headed hydra
 10258 | Lair:1   | Learned a level 2 spell: Blink
 10261 | Lair:1   | Learned a level 2 spell: Repel Missiles
 10516 | Lair:1   | Acquired Vehumet's second power
 10844 | Lair:2   | Learned a level 5 spell: Iskenderun's Battlesphere
 10895 | Lair:2   | Reached skill level 5 in Spellcasting
 11029 | Lair:2   | Offered knowledge of Sticky Flame by Vehumet.
 11048 | Lair:2   | Noticed Gastronok
 11185 | Lair:2   | Killed Gastronok
 11215 | Lair:2   | Got a brightly glowing zirconium amulet
 11216 | Lair:2   | Identified the amulet of the Doge {rCorr rPois rF+} (You found it on level 2 of the Lair of Beasts)
 11342 | Lair:2   | Learned a level 4 spell: Sticky Flame
 11348 | Lair:2   | Noticed a seven-headed hydra
 11359 | Lair:2   | Killed a seven-headed hydra
 11622 | Lair:2   | Learned a level 3 spell: Mephitic Cloud
 11852 | Lair:2   | Reached XP level 12. HP: 81/81 MP: 23/29
 12438 | Lair:3   | Acquired Vehumet's third power
 12659 | Lair:3   | Found a staircase to the Shoals.
 12666 | Lair:3   | Noticed Nergalle
 12840 | Lair:3   | Reached skill level 17 in Conjurations
 12934 | Lair:3   | Killed Nergalle
 12973 | Lair:3   | Offered knowledge of Inner Flame by Vehumet.
 12978 | Lair:3   | Learned a level 3 spell: Inner Flame
 13493 | Lair:4   | Offered knowledge of Bolt of Draining by Vehumet.
 14211 | Lair:5   | Reached skill level 10 in Spellcasting
 14878 | Lair:6   | Found a staircase to the Slime Pits.
 14977 | Lair:6   | Noticed teukkam's ghost (experienced TrMo)
 14985 | Lair:6   | Killed teukkam's ghost
 14992 | Lair:6   | Learned a level 5 spell: Fireball
 14994 | Lair:6   | Noticed a four-headed hydra
 15004 | Lair:6   | Killed a four-headed hydra
 15145 | Lair:6   | Found a staircase to the Shoals.
 15466 | Lair:6   | Found a hole to the Spider Nest.
 15569 | Lair:6   | Learned a level 1 spell: Apportation
 15637 | Lair:7   | Noticed Snorg
 15645 | Lair:7   | Killed Snorg
 15746 | Lair:7   | Reached XP level 13. HP: 65/86 MP: 12/32
 15876 | Lair:7   | Noticed a five-headed hydra
 15883 | Lair:7   | Killed a five-headed hydra
 16027 | Lair:7   | Got a warped hat
 16031 | Lair:7   | Identified the +2 hat "Nipsyfin" {rC++ MR+} (You acquired it on level 7 of the Lair of Beasts)
 16358 | Lair:8   | Entered Level 8 of the Lair of Beasts
 16469 | Lair:8   | Reached skill level 1 in Shields
 16472 | Lair:8   | Found a bloodstained altar of Trog.
 16675 | Lair:8   | Offered knowledge of Ignite Poison by Vehumet.
 16694 | Lair:8   | Reached skill level 5 in Shields
 17099 | Lair:8   | Got an ancient trident
 17102 | Lair:8   | Identified the +7,+6 trident of the Eleven Wars {venom, Str+3} (You found it on level 8 of the Lair of Beasts)
 17297 | Lair:8   | Reached skill level 1 in Polearms
 17947 | Lair:8   | Reached skill level 5 in Polearms
 18025 | Lair:8   | Offered knowledge of Bolt of Cold by Vehumet.
 18656 | Lair:8   | Reached XP level 14. HP: 78/93 MP: 6/34
 19028 | Orc:1    | Entered Level 1 of the Orcish Mines
 19633 | Orc:2    | Offered knowledge of Freezing Cloud by Vehumet.
 19780 | Orc:3    | Found a staircase to the Elven Halls.
 20029 | Orc:3    | Found a deep blue altar of Sif Muna.
 20213 | Orc:4    | Entered Level 4 of the Orcish Mines
 20295 | Orc:4    | Noticed Broswagonist's ghost (powerful DECj)
 20301 | Orc:4    | Killed Broswagonist's ghost
 20328 | Orc:4    | Noticed Joseph
 20334 | Orc:4    | Found an iron altar of Okawaru.
 20342 | Orc:4    | Noticed Psyche
 20357 | Orc:4    | Killed Psyche
 20396 | Orc:4    | Killed Joseph
 20892 | Orc:4    | Reached skill level 10 in Polearms
 21034 | Orc:4    | Gained mutation: You are frail (-10% HP). [a neqoxec]
 21126 | Orc:4    | Noticed Heini's ghost (powerful MiFi)
 21434 | Orc:4    | Found Phauvannu's Distillery.
 21434 | Orc:4    | Found Plailaq's Magic Scroll Emporium.
 21434 | Orc:4    | Found Fryguaj's Armour Emporium.
 21434 | Orc:4    | Found Keiten's General Store.
 21580 | Orc:4    | Noticed an orc warlord
 21676 | Orc:4    | Killed Heini's ghost
 21940 | Orc:4    | Killed an orc warlord
 22652 | D:11     | Offered knowledge of Iron Shot by Vehumet.
 22755 | D:11     | Noticed a hill giant
 22764 | D:11     | Killed a hill giant
 22898 | D:11     | Noticed a hill giant
 22901 | D:11     | Noticed a hill giant
 22909 | D:11     | Killed a hill giant
 22915 | D:11     | Killed a hill giant
 22969 | D:11     | Found a shattered altar of Ashenzari.
 23026 | D:11     | Killed a hill giant
 23605 | D:12     | Noticed Erolcha
 23611 | D:12     | Killed Erolcha
 24604 | D:13     | Found Bliotiva's Gadget Shoppe.
 24875 | D:13     | Found Ciasm's Weapon Emporium.
 24994 | D:13     | Found Adiucvao's General Store.
 25295 | D:14     | Noticed Harold
 25315 | D:14     | Killed Harold
 25420 | D:14     | Reached XP level 15. HP: 89/89 MP: 25/35
 25547 | D:14     | Found Xuobroo's Gadget Emporium.
 25919 | D:14     | Found a gate to the Vaults.
 26202 | D:15     | Entered Level 15 of the Dungeon
 26202 | D:15     | Noticed Rupert
 26225 | D:15     | Killed Rupert
 26398 | D:15     | Offered knowledge of Orb of Destruction by Vehumet.
 26680 | D:15     | Found a staircase to the Depths.
 27077 | D:15     | Found a blossoming altar of Fedhas.
 27308 | Lair:2   | Learned a level 7 spell: Orb of Destruction
 27466 | Elf:1    | Entered Level 1 of the Elven Halls
 27973 | Elf:1    | Got a pitted falchion
 27974 | Elf:1    | Identified the +0,+7 falchion "Draconian's Bane" {slice, rF++ SInv} (You found it on level 1 of the Elven Halls)
 28067 | Elf:1    | Offered knowledge of Spellforged Servitor by Vehumet.
 28930 | Elf:3    | Entered Level 3 of the Elven Halls
 29321 | Elf:3    | Found a radiant altar of Vehumet.
 29650 | Elf:3    | Reached XP level 16. HP: 65/94 MP: 33/37
 29731 | Elf:3    | Reached skill level 15 in Spellcasting
 29750 | Elf:3    | Learned a level 7 spell: Spellforged Servitor
 30247 | Elf:3    | Noticed a deep elf blademaster
 30273 | Elf:3    | Killed a deep elf blademaster
 30483 | Elf:3    | Noticed a Brimstone Fiend
 30662 | Elf:3    | Got a sapphire hand axe
 30663 | Elf:3    | Identified the +7,+8 hand axe of Ifoguowk {chop, *Rage rC++} (You took it off a deep elf annihilator on level 3 of the Elven Halls)
 30684 | Elf:3    | Noticed a deep elf master archer
 30873 | Elf:3    | Noticed an Executioner
 30875 | Elf:3    | Noticed a Hell Sentinel
 30943 | Elf:3    | Killed a deep elf master archer
 30960 | Elf:3    | Got a transparent pewter amulet
 30961 | Elf:3    | Identified the amulet of Midwinter {Faith MR+ Dex+3} (You took it off a deep elf demonologist on level 3 of the Elven Halls)
 30974 | Elf:3    | Noticed a deep elf master archer
 30986 | Elf:3    | Killed a deep elf master archer
 30986 | Elf:3    | Reached skill level 5 in Charms
 32114 | Spider:1 | Entered Level 1 of the Spider Nest
 32334 | Spider:1 | Offered knowledge of Lehudib's Crystal Spear by Vehumet.
 32334 | Spider:1 | Offered knowledge of Fire Storm by Vehumet.
 32334 | Spider:1 | Offered knowledge of Chain Lightning by Vehumet.
 32481 | Spider:1 | Noticed Sonja
 32501 | Spider:1 | Killed Sonja
 32844 | Spider:2 | Reached XP level 17. HP: 99/99 MP: 22/39
 33209 | Spider:2 | Reached skill level 10 in Charms
 33346 | Spider:2 | Got a bloodstained dagger
 33347 | Spider:2 | Identified the +6,+8 dagger of the Ghost {stab, rN+ Str+2} (You found it on level 2 of the Spider Nest)
 35105 | D:6      | Bought a book of Enchantments for 600 gold pieces
 35486 | Depths:1 | Entered Level 1 of the Depths
 35633 | Depths:1 | Gained mutation: You are clumsy. (Dex -2) [mutagenic glow]
 35636 | Depths:1 | Noticed the Enchantress
 35648 | Depths:1 | Killed the Enchantress
 36025 | Depths:1 | Found a gateway to Hell.
 36026 | Depths:1 | Noticed Aizul
 36039 | Depths:1 | Killed Aizul
 36321 | Depths:2 | Noticed Sojobo
 36656 | Shoals:1 | Entered Level 1 of the Shoals
 37778 | Shoals:2 | Found a white marble altar of Elyvilon.
 37817 | Shoals:2 | Learned a level 6 spell: Haste
 38370 | Shoals:3 | Reached XP level 18. HP: 42/105 MP: 12/40
 39779 | Shoals:4 | Reached skill level 18 in Spellcasting
 39966 | Shoals:5 | Entered Level 5 of the Shoals
 39966 | Shoals:5 | Noticed Ilsuiw
 39981 | Shoals:5 | Found Gajau's Distillery.
 40058 | Shoals:5 | Bought a potion of heal wounds for 36 gold pieces
 40058 | Shoals:5 | Bought a potion of magic for 66 gold pieces
 40094 | Shoals:5 | Got a smoking trident
 40095 | Shoals:5 | Identified the +8,+2 trident of the Forsaken Stars {pierce, +Blink Str+2} (You took it off a merfolk on level 5 of the Shoals)
 40117 | Shoals:5 | Found Xonunex's Antique Weapon Emporium.
 40125 | Shoals:5 | Found Jaomadoada's Book Shop.
 40219 | Shoals:5 | Found Hugidd's Distillery.
 40220 | Shoals:5 | Jaomadoada's Book Shop was a mimic.
 40257 | Shoals:5 | Found Faog's Food Emporium.
 40383 | Shoals:5 | Bought a potion of heal wounds for 57 gold pieces
 40383 | Shoals:5 | Bought a potion of heal wounds for 57 gold pieces
 40383 | Shoals:5 | Bought 2 potions of magic for 209 gold pieces
 40383 | Shoals:5 | Bought a potion of heal wounds for 57 gold pieces
 40383 | Shoals:5 | Bought 2 potions of porridge for 38 gold pieces
 40383 | Shoals:5 | Bought a potion of heal wounds for 57 gold pieces
 40383 | Shoals:5 | Bought a potion of porridge for 19 gold pieces
 40758 | Shoals:5 | Killed Ilsuiw
 40983 | Shoals:5 | Got a barnacled rune of Zot
 41620 | Spider:4 | Reached skill level 19 in Spellcasting
 41955 | Spider:4 | Reached skill level 1 in Fire Magic
 42134 | Spider:5 | Entered Level 5 of the Spider Nest
 43244 | Spider:5 | Got a gossamer rune of Zot
 43268 | Spider:5 | Reached XP level 19. HP: 110/110 MP: 41/42
 43414 | Spider:5 | Gained mutation: Your vision is a little blurry. [mutagenic glow]
 43519 | Spider:5 | Reached skill level 5 in Fire Magic
 43907 | Lair:2   | Learned a level 6 spell: Deflect Missiles
 44075 | Vaults:1 | Entered Level 1 of the Vaults
 45465 | Vaults:2 | Noticed Margery
 45483 | Vaults:2 | Killed Margery
 45564 | Vaults:2 | Upgraded the game from 0.14-b1-49-gc72db44 to 0.14-b1-56-gbadd701
 46247 | Vaults:2 | Noticed Xtahua
 46268 | Vaults:2 | Killed Xtahua
 47125 | Vaults:3 | Learned a level 6 spell: Bolt of Fire
 47231 | Vaults:3 | Found a staircase to the Hall of Blades.
 47419 | Vaults:3 | Found a staircase to the Crypt.
 47913 | Vaults:3 | Got an ancient platinum ring
 47915 | Vaults:3 | Identified the ring of Ethics {Wiz -Tele} (You found it on level 3 of the Vaults)
 48006 | Vaults:3 | Found Cluut's Jewellery Shoppe.
 48235 | Vaults:3 | Reached XP level 20. HP: 106/116 MP: 41/42
 49430 | Vaults:4 | Found Thijaloe's Gadget Shoppe.
 49712 | Vaults:5 | Entered Level 5 of the Vaults
 49847 | Vaults:4 | Reached skill level 20 in Conjurations
 50501 | Blade    | Entered the Hall of Blades
 51375 | Blade    | Reached skill level 10 in Fire Magic
 51998 | Crypt:1  | Entered Level 1 of the Crypt
 52165 | Crypt:1  | Got a bloodstained shield
 52166 | Crypt:1  | Identified the +3 shield "Ekkar" {rF++ Acc+2} (You acquired it on level 1 of the Crypt)
 52193 | Crypt:1  | Noticed Wiglaf
 52204 | Crypt:1  | Killed Wiglaf
 52749 | Crypt:1  | Identified the Almanac of Supportive Bewitchment
 53917 | Crypt:3  | Reached XP level 21. HP: 121/121 MP: 43/43
 53995 | Crypt:3  | Reached skill level 21 in Conjurations
 54317 | Crypt:3  | Found a staircase to the Tomb.
 54511 | Crypt:3  | Identified the Volume of Stolen Souls
 55243 | Crypt:3  | Paralysed by a vampire knight for 5 turns
 55666 | Crypt:4  | Noticed Mara
 55752 | Crypt:4  | Noticed Broswagonist's illusion
 55764 | Crypt:4  | Gained mutation: You are dopey. (Int -2) [mutagenic glow]
 55818 | Crypt:4  | Gained mutation: You occasionally shout uncontrollably. [mutagenic glow]
 55900 | Crypt:4  | Killed Broswagonist's illusion
 55920 | Crypt:4  | Noticed Broswagonist's illusion
 56182 | Crypt:4  | Noticed Broswagonist's illusion
 56667 | Lair:2   | Lost mutation: You are dopey. (Int -2) [potion of cure mutation]
 56667 | Lair:2   | Lost mutation: You are frail (-10% HP). [potion of cure mutation]
 56667 | Lair:2   | Lost mutation: Your vision is a little blurry. [potion of cure mutation]
 56667 | Lair:2   | Lost mutation: You occasionally shout uncontrollably. [potion of cure mutation]
 57580 | Depths:2 | Identified Tettuiha's Papyrus of Ashen Shape Shifting
 57782 | Depths:2 | Killed Sojobo
 58322 | Depths:3 | Reached skill level 15 in Fire Magic
 58354 | Depths:3 | Found a gateway to a ziggurat.
 58355 | Depths:3 | Found a one-way gate leading to the halls of Pandemonium.
 59405 | Depths:3 | Reached XP level 22. HP: 141/141 MP: 29/43
 59840 | Depths:3 | Paralysed by a giant eyeball for 3 turns
 60105 | Depths:4 | Found a one-way gate to the infinite horrors of the Abyss.
 60324 | Depths:4 | Reached skill level 22 in Conjurations
 60428 | Depths:4 | Found a shimmering altar of Xom.
 61493 | Depths:5 | Entered Level 5 of the Depths
 62371 | Depths:5 | Found a gate to the Realm of Zot.
 63247 | Lair:2   | Learned a level 9 spell: Fire Storm
 64179 | Crypt:4  | Noticed Broswagonist's illusion
 64185 | Crypt:4  | Killed Mara
 64223 | Crypt:5  | Entered Level 5 of the Crypt
 64726 | Crypt:5  | Found a basalt altar of Yredelemnul.
 65036 | Crypt:5  | Reached XP level 23. HP: 141/147 MP: 24/44
 65719 | Crypt:5  | Got a brightly glowing scimitar
 66177 | Lair:2   | Identified the +1,+9 scimitar "Phoguqi" {slice, rF++} (You found it on level 5 of the Crypt)
 66207 | Lair:2   | Learned a level 1 spell: Summon Butterflies
 66698 | Vaults:5 | Noticed ketsa's ghost (awesomely powerful HOBe)
 67030 | Vaults:5 | Killed from afar by a storm dragon

Action                   |  1- 3 |  4- 6 |  7- 9 | 10-12 | 13-15 | 16-18 | 19-21 | 22-24 || total
-------------------------+-------+-------+-------+-------+-------+-------+-------+-------++-------
Melee: Unarmed           |     1 |       |       |       |       |       |       |       ||     1
       Dagger            |    21 |    36 |       |       |       |       |       |       ||    57
       Club              |    13 |       |       |       |       |       |       |       ||    13
       Short sword       |       |   121 |    53 |       |       |       |       |       ||   174
       Flail             |       |       |    82 |   127 |       |       |       |       ||   209
       Staff             |       |       |       |    30 |    15 |    32 |     4 |     1 ||    82
       Trident           |       |       |       |       |   760 |   218 |   385 |   273 ||  1636
 Cast: Magic Dart        |    48 |    30 |    43 |   343 |   511 |    33 |       |       ||  1008
       Searing Ray       |     5 |    22 |    26 |    20 |       |       |       |       ||    73
       Dazzling Spray    |     4 |       |     8 |     3 |       |       |       |       ||    15
       Fulminant Prism   |       |       |     8 |    69 |    66 |    33 |     2 |       ||   178
       Iskenderun's Batt |       |       |       |    47 |   134 |   115 |    83 |     7 ||   386
       Iskenderun's Myst |       |       |       |    15 |    29 |   189 |   121 |     8 ||   362
       Sticky Flame      |       |       |       |     9 |    28 |    31 |    36 |    36 ||   140
       Mephitic Cloud    |       |       |       |     5 |    48 |    22 |       |       ||    75
       Inner Flame       |       |       |       |     2 |    11 |       |       |       ||    13
       Repel Missiles    |       |       |       |     1 |     8 |     7 |       |       ||    16
       Fireball          |       |       |       |       |    73 |    99 |   165 |    23 ||   360
       Blink             |       |       |       |       |    20 |    26 |    52 |    17 ||   115
       Orb of Destructio |       |       |       |       |     1 |    74 |   105 |    43 ||   223
       Spellforged Servi |       |       |       |       |       |    66 |   129 |    48 ||   243
       Haste             |       |       |       |       |       |     3 |    17 |     7 ||    27
       Bolt of Fire      |       |       |       |       |       |       |    61 |    40 ||   101
       Deflect Missiles  |       |       |       |       |       |       |     8 |     6 ||    14
       Fire Storm        |       |       |       |       |       |       |       |    29 ||    29
 Abil: Breathe Fire      |       |       |    23 |    54 |    89 |   108 |    94 |    79 ||   447
       Evoke Flight      |       |       |       |       |       |    14 |       |       ||    14
Evoke: Wand              |       |       |     2 |     3 |     7 |     5 |     1 |     2 ||    20
       Box of beasts     |       |       |       |    21 |       |       |       |       ||    21
       Sack of spiders   |       |       |       |    15 |       |       |       |       ||    15
       Lamp of fire      |       |       |       |     1 |     2 |       |       |       ||     3
  Use: Scroll            |     4 |     4 |    19 |    17 |    16 |    24 |    24 |    20 ||   128
       Potion            |       |       |       |       |     5 |    20 |    20 |    10 ||    55
 Stab: Sleeping          |       |       |     3 |     1 |       |       |       |       ||     4
       Invisible         |       |       |     1 |       |       |       |       |       ||     1
       Confused          |       |       |       |       |    11 |     3 |       |       ||    14
       Fleeing           |       |       |       |       |     1 |       |       |       ||     1
       Distracted        |       |       |       |       |       |       |     3 |     1 ||     4
